PAA
LANNISTER UNITED LIONHEARTS @ ATHLETIC CLUB KC ACADEMY
09/05/2023
 
TOP OF THE 1ST
Lannister United Lionhearts batting - Pitching for Athletic Club KC Academy : LHP Xavier Navarro
Pitching: LHP Xavier Navarro
Batting: SHB Mitch Qualtrough 0-0: Foul Ball, location: 2F
0-1: Called Strike
0-2: Ball
1-2: Foul Ball, location: 2F
1-2: Strikes out swinging
Batting: RHB Bartolo Martínez 0-0: Ball
1-0: SINGLE (Groundball, 34D)
Batting: RHB Edgar Carrillo 0-0: Called Strike
0-1: Foul Ball, location: 2F
0-2: Ball
1-2: Fly out, F9 (Flyball, 89D)
Batting: SHB Robbie Anderson 0-0: Called Strike
0-1: Ball
1-1: Ball
2-1: SINGLE (Groundball, 6MD)
Bartolo Martínez to second
Batting: LHB Cisco Padilla 0-0: Ball
1-0: Ball
2-0: Called Strike
2-1: Ball
3-1: Fielders Choice at 2nd, 6-4 (Groundball, 6)
Top of the 1st over - 0 run(s), 2 hit(s), 0 error(s), 1 left on base; Lannister United 0 - Athletic Club KC Academy 0
BOTTOM OF THE 1ST
Athletic Club KC Academy batting - Pitching for Lannister United Lionhearts : LHP Luis Ortíz
Pitching: LHP Luis Ortíz
Batting: SHB António Montés 0-0: Ball
1-0: SINGLE (Groundball, 56)
Batting: RHB Allen Williams 0-0: Ball
1-0: 2-RUN HOME RUN (Flyball, 78XD), Distance : 421 ft
Batting: SHB Eric Moore 0-0: Called Strike
0-1: Ball
1-1: Called Strike
1-2: Foul Ball, location: 2F
1-2: Ball
2-2: Foul Ball, location: 2F
2-2: Fly out, F8 (Flyball, 8LXD)
Batting: RHB Chris Teague 0-0: Foul Ball, location: 2F
0-1: Ground out 6-3 (Groundball, 6M)
Batting: RHB Manuel Canó 0-0: Called Strike
0-1: Fly out, F7 (Flyball, 78D)
Bottom of the 1st over - 2 run(s), 2 hit(s), 0 error(s), 0 left on base; Lannister United 0 - Athletic Club KC Academy 2
TOP OF THE 2ND
Lannister United Lionhearts batting - Pitching for Athletic Club KC Academy : LHP Xavier Navarro
Batting: RHB Pedro Herrera 0-0: Ball
1-0: Ball
2-0: Ball
3-0: Base on Balls
Batting: RHB Fernando Rivera 0-0: Called Strike
0-1: Fly out, F8 (Flyball, 78S)
Batting: RHB Ángel Arroyo 0-0: SINGLE (Flyball, 9LS)
Pedro Herrera to second
Runner from 2nd tries for 3rd, SAFE, throw made to third
Batting: RHB Lloyd Walsh 0-0: Called Strike
0-1: Swinging Strike
0-2: Fly out, F4 (Popup, 4D)
Batting: SHB Mitch Qualtrough 0-0: Ball
1-0: Ball
2-0: Fly out, F3 (Popup, 34S)
Top of the 2nd over - 0 run(s), 1 hit(s), 0 error(s), 2 left on base; Lannister United 0 - Athletic Club KC Academy 2
BOTTOM OF THE 2ND
Athletic Club KC Academy batting - Pitching for Lannister United Lionhearts : LHP Luis Ortíz
Batting: RHB Bob Curry 0-0: Ball
1-0: Called Strike
1-1: Fly out, F6 (Popup, 6D)
Batting: SHB Fernando Luna 0-0: Ground out 6-3 (Groundball, 6M)
Batting: RHB Larry Johnston 0-0: Ball
1-0: Called Strike
1-1: Ball
2-1: Ball
3-1: SINGLE (Line Drive, 8RS)
Batting: LHB Naohiro Sakai 0-0: Called Strike
0-1: Foul Ball, location: 2F
0-2: Ball
1-2: Foul Ball, location: 2F
1-2: Ball
2-2: Foul Ball, location: 2F
2-2: Strikes out swinging
Bottom of the 2nd over - 0 run(s), 1 hit(s), 0 error(s), 1 left on base; Lannister United 0 - Athletic Club KC Academy 2
TOP OF THE 3RD
Lannister United Lionhearts batting - Pitching for Athletic Club KC Academy : LHP Xavier Navarro
Batting: RHB Bartolo Martínez 0-0: Called Strike
0-1: Ground out 5-3 (Groundball, 5)
Batting: RHB Edgar Carrillo 0-0: Called Strike
0-1: Ball
1-1: Ball
2-1: Ball
3-1: Fly out, F3 (Popup, 34D)
Batting: SHB Robbie Anderson 0-0: Ground out 5-3 (Groundball, 5)
Top of the 3rd over - 0 run(s), 0 hit(s), 0 error(s), 0 left on base; Lannister United 0 - Athletic Club KC Academy 2
BOTTOM OF THE 3RD
Athletic Club KC Academy batting - Pitching for Lannister United Lionhearts : LHP Luis Ortíz
Batting: SHB António Montés 0-0: Foul Ball, location: 2F
0-1: Ball
1-1: SINGLE (Groundball, 56D)
Batting: RHB Allen Williams 0-0: Ball
António Montés is caught stealing 2nd base
1-0: Called Strike
1-1: Foul Ball, location: 2F
1-2: Ball
2-2: Ground out 6-3 (Groundball, 6MS)
Batting: SHB Eric Moore 0-0: Ball
1-0: Foul Ball, location: 2F
1-1: Ball
2-1: Ball
3-1: Base on Balls
Batting: RHB Chris Teague 0-0: Foul Ball, location: 2F
0-1: Ball
1-1: SINGLE (Groundball, 6)
Eric Moore to second
Runner from 2nd tries for 3rd, SAFE, throw made to third
Batting: RHB Manuel Canó 0-0: Ball
1-0: Called Strike
1-1: Ball
2-1: Foul Ball, location: 2F
2-2: Foul Ball, location: 2F
2-2: Fly out, F9 (Flyball, 9M)
Bottom of the 3rd over - 0 run(s), 2 hit(s), 0 error(s), 2 left on base; Lannister United 0 - Athletic Club KC Academy 2
TOP OF THE 4TH
Lannister United Lionhearts batting - Pitching for Athletic Club KC Academy : LHP Xavier Navarro
Batting: LHB Cisco Padilla 0-0: Called Strike
0-1: Ball
1-1: Foul Ball, location: 2F
1-2: Ball
2-2: Strikes out looking
Batting: RHB Pedro Herrera 0-0: Called Strike
0-1: Foul Ball, location: 2F
0-2: Strikes out looking
Batting: RHB Fernando Rivera 0-0: Called Strike
0-1: Bunt for hit - play at first, batter OUT! 1-3
Top of the 4th over - 0 run(s), 0 hit(s), 0 error(s), 1 left on base; Lannister United 0 - Athletic Club KC Academy 2
BOTTOM OF THE 4TH
Athletic Club KC Academy batting - Pitching for Lannister United Lionhearts : LHP Luis Ortíz
Batting: RHB Bob Curry 0-0: Called Strike
0-1: Ball
1-1: Called Strike
1-2: Fly out, F9 (Line Drive, 9S)
Batting: SHB Fernando Luna 0-0: Ground out 4-3 (Groundball, 13)
Batting: RHB Larry Johnston 0-0: Ball
1-0: Called Strike
1-1: Swinging Strike
1-2: Ball
2-2: Foul Ball, location: 2F
2-2: Fly out, F6 (Popup, 5)
Bottom of the 4th over - 0 run(s), 0 hit(s), 0 error(s), 0 left on base; Lannister United 0 - Athletic Club KC Academy 2
TOP OF THE 5TH
Lannister United Lionhearts batting - Pitching for Athletic Club KC Academy : LHP Xavier Navarro
Batting: RHB Ángel Arroyo 0-0: Ball
1-0: Ground out 4-3 (Groundball, 4)
Batting: RHB Lloyd Walsh 0-0: Called Strike
0-1: Ball
1-1: Swinging Strike
1-2: Ground out 1-3 (Groundball, 13)
Batting: SHB Mitch Qualtrough 0-0: Called Strike
0-1: Ball
1-1: Ball
2-1: Ball
3-1: Swinging Strike
3-2: Fly out, F9 (Flyball, 9M)
Top of the 5th over - 0 run(s), 0 hit(s), 0 error(s), 0 left on base; Lannister United 0 - Athletic Club KC Academy 2
BOTTOM OF THE 5TH
Athletic Club KC Academy batting - Pitching for Lannister United Lionhearts : LHP Luis Ortíz
Batting: LHB Naohiro Sakai 0-0: Foul Ball, location: 2F
0-1: Ball
1-1: Called Strike
1-2: Ground out 4-3 (Groundball, 4M)
Pitching: RHP Félix Torres
Batting: SHB António Montés 0-0: Called Strike
0-1: Ball
1-1: Called Strike
1-2: Foul Ball, location: 2F
1-2: Ball
2-2: Ball
3-2: Foul Ball, location: 2F
3-2: Strikes out swinging
Batting: RHB Allen Williams 0-0: Foul Ball, location: 2F
0-1: Fly out, F7 (Flyball, 7LM)
Bottom of the 5th over - 0 run(s), 0 hit(s), 0 error(s), 0 left on base; Lannister United 0 - Athletic Club KC Academy 2
TOP OF THE 6TH
Lannister United Lionhearts batting - Pitching for Athletic Club KC Academy : LHP Xavier Navarro
Batting: RHB Bartolo Martínez 0-0: SINGLE (Flyball, 6MD)
Batting: RHB Edgar Carrillo 0-0: Called Strike
0-1: Ball
1-1: Ball
2-1: SINGLE (Line Drive, 78M)
Bartolo Martínez to second
Batting: SHB Robbie Anderson 0-0: Foul Ball, location: 2F
0-1: Ball
1-1: Swinging Strike
1-2: Strikes out swinging
Batting: LHB Cisco Padilla 0-0: Ball
1-0: Ball
2-0: Ball
3-0: Called Strike
3-1: Ground out 3-1 (Groundball, 34)
Bartolo Martínez to third
Edgar Carrillo to second
Batting: RHB Pedro Herrera 0-0: Ball
1-0: Foul Ball, location: 2F
1-1: Ball
2-1: Foul Ball, location: 2F
2-2: Ball
3-2: Foul Ball, location: 2F
3-2: TRIPLE (Line Drive, 9LS)
Bartolo Martínez scores
Edgar Carrillo scores
Batting: RHB Fernando Rivera 0-0: Ground out 5-3 (Groundball, 5S)
Top of the 6th over - 2 run(s), 3 hit(s), 0 error(s), 1 left on base; Lannister United 2 - Athletic Club KC Academy 2
BOTTOM OF THE 6TH
Athletic Club KC Academy batting - Pitching for Lannister United Lionhearts : RHP Félix Torres
Batting: SHB Eric Moore 0-0: Ball
1-0: SINGLE (Line Drive, 4MD)
Batting: RHB Chris Teague 0-0: Ball
1-0: Called Strike
1-1: Foul Ball, location: 2F
1-2: Ball
2-2: Fly out, F8 (Flyball, 8LM)
Batting: RHB Manuel Canó 0-0: Called Strike
0-1: Ball
1-1: Ball
2-1: Foul Ball, location: 2F
2-2: Ball
3-2: Strikes out swinging
Batting: RHB Bob Curry 0-0: Called Strike
0-1: Ball
1-1: Ball
2-1: Ball
3-1: Fly out, F9 (Flyball, 9M)
Bottom of the 6th over - 0 run(s), 1 hit(s), 0 error(s), 1 left on base; Lannister United 2 - Athletic Club KC Academy 2
TOP OF THE 7TH
Lannister United Lionhearts batting - Pitching for Athletic Club KC Academy : LHP Xavier Navarro
Pitching: RHP Jake Hawkins
Pinch Hitting: LHB Gonzalo Álvarez 0-0: Called Strike
0-1: Ball
1-1: Ball
2-1: DOUBLE (Line Drive, 7M)
Pinch Hitting: LHB José Vargas 0-0: Called Strike
Gonzalo Álvarez steals 3rd base
0-1: Ball
1-1: Called Strike
1-2: Ball
2-2: Foul Ball, location: 2F
2-2: Ball
3-2: SINGLE (Groundball, 4MD)
Gonzalo Álvarez scores
Batting: SHB Mitch Qualtrough 0-0: Bunted foul
0-1: Ball
1-1: Bunted foul
1-2: Strikes out swinging
Batting: RHB Bartolo Martínez 0-0: Ball
1-0: Ball
2-0: Foul Ball, location: 2F
2-1: Fly out, F7 (Flyball, 7M)
Batting: RHB Edgar Carrillo 0-0: Swinging Strike
0-1: Swinging Strike
0-2: Ball
José Vargas is caught stealing 2nd base
Top of the 7th over - 1 run(s), 2 hit(s), 0 error(s), 0 left on base; Lannister United 3 - Athletic Club KC Academy 2
BOTTOM OF THE 7TH
Athletic Club KC Academy batting - Pitching for Lannister United Lionhearts : RHP Félix Torres
Now at SS: Cale Beazley
Now in LF: Gonzalo Álvarez
Batting: SHB Fernando Luna 0-0: Called Strike
0-1: Swinging Strike
0-2: Strikes out swinging
Batting: RHB Larry Johnston 0-0: Fly out, F8 (Line Drive, 8RM)
Batting: LHB Naohiro Sakai 0-0: Ball
1-0: SINGLE (Line Drive, 4D)
Pinch Hitting: RHB Maurice Quinn 0-0: Called Strike
0-1: Swinging Strike
0-2: Strikes out swinging
Bottom of the 7th over - 0 run(s), 1 hit(s), 0 error(s), 1 left on base; Lannister United 3 - Athletic Club KC Academy 2
TOP OF THE 8TH
Lannister United Lionhearts batting - Pitching for Athletic Club KC Academy : RHP Jake Hawkins
Now at 2B: Maurice Quinn
Batting: RHB Edgar Carrillo 0-0: Ball
1-0: Ball
2-0: Called Strike
2-1: Ball
3-1: Foul Ball, location: 2F
3-2: Strikes out swinging
Batting: SHB Robbie Anderson 0-0: Ball
1-0: Swinging Strike
1-1: Swinging Strike
1-2: Ball
2-2: Strikes out swinging
Batting: LHB Cisco Padilla 0-0: Called Strike
0-1: Ball
1-1: Ball
2-1: Ball
3-1: Foul Ball, location: 2F
3-2: Strikes out swinging
Top of the 8th over - 0 run(s), 0 hit(s), 0 error(s), 0 left on base; Lannister United 3 - Athletic Club KC Academy 2
BOTTOM OF THE 8TH
Athletic Club KC Academy batting - Pitching for Lannister United Lionhearts : RHP Félix Torres
Pitching: LHP Hank Downey
Batting: RHB Allen Williams 0-0: Fly out, F3 (Popup, 23F)
Batting: SHB Eric Moore 0-0: Foul Ball, location: 2F
0-1: Foul Ball, location: 2F
0-2: Ball
1-2: Foul Ball, location: 2F
1-2: SINGLE (Groundball, 6)
Pitching: RHP Gonçalo Conxacha
Pinch Hitting: LHB Domingo Gutiérrez 0-0: Ball
1-0: Swinging Strike
1-1: Ball
2-1: Called Strike
2-2: Foul Ball, location: 2F
2-2: Foul Ball, location: 2F
2-2: Strikes out swinging
Batting: RHB Manuel Canó 0-0: Called Strike
0-1: Foul Ball, location: 2F
0-2: Ground out 6-3 (Groundball, 6)
Bottom of the 8th over - 0 run(s), 1 hit(s), 0 error(s), 1 left on base; Lannister United 3 - Athletic Club KC Academy 2
TOP OF THE 9TH
Lannister United Lionhearts batting - Pitching for Athletic Club KC Academy : RHP Jake Hawkins
Now in CF: William Williams
Batting: RHB Pedro Herrera 0-0: Called Strike
0-1: DOUBLE (Line Drive, 3L)
Pinch Hitting: LHB Gabriel Córdova 0-0: Intentional Walk
Pinch Hitting: SHB Pedro Alfiche 0-0: Called Strike
0-1: Sac Bunt - play at first, batter OUT! 5-3
Pedro Herrera to third
Gabriel Córdova to second
Batting: RHB Cale Beazley 0-0: Ball
1-0: Foul Ball, location: 2F
1-1: Ball
2-1: Called Strike
2-2: Ball
3-2: Foul Ball, location: 2F
3-2: Base on Balls
Batting: SHB Mitch Qualtrough 0-0: Foul Ball, location: 2F
0-1: Ball
1-1: TRIPLE (Line Drive, 9LM)
Pedro Herrera scores
Gabriel Córdova scores
Cale Beazley scores
Batting: RHB Bartolo Martínez 0-0: Intentional Walk
Pitching: LHP Tim Risinger
Batting: RHB Edgar Carrillo 0-0: Ball
1-0: SINGLE (Groundball, 56D)
Mitch Qualtrough scores
Bartolo Martínez to second
Batting: SHB Robbie Anderson 0-0: Grounds into double play, 4-6-3 (Groundball, 4)
Top of the 9th over - 4 run(s), 3 hit(s), 0 error(s), 1 left on base; Lannister United 7 - Athletic Club KC Academy 2
BOTTOM OF THE 9TH
Athletic Club KC Academy batting - Pitching for Lannister United Lionhearts : RHP Gonçalo Conxacha
Now in LF: Gabriel Córdova
Now in CF: Propsero Lavin
Batting: RHB Bob Curry 0-0: Called Strike
0-1: Ball
1-1: Swinging Strike
1-2: Ball
2-2: Foul Ball, location: 2F
2-2: Ground out 6-3 (Groundball, 56)
Batting: SHB Fernando Luna 0-0: Foul Ball, location: 2F
0-1: Ground out 4-3 (Groundball, 4)
Batting: RHB Larry Johnston 0-0: Ball
1-0: Called Strike
1-1: SINGLE (Groundball, 25) (infield hit)
Batting: LHB Naohiro Sakai 0-0: Foul Ball, location: 2F
0-1: Ball
1-1: Ball
2-1: DOUBLE (Line Drive, 89M)
Larry Johnston to third
Runner from 3rd tries for Home, throw and OUT!
Bottom of the 9th over - 0 run(s), 2 hit(s), 0 error(s), 1 left on base; Lannister United 7 - Athletic Club KC Academy 2
This league is powered by Out of the Park Baseball, the baseball management simulation game for PC, Mac and Linux
Friday, July 8th, 2016 - OOTP Baseball 16.9 Build 39